AoeStats
← [NICE_ASS] BigMasi

African Clearing

504824765Analyzed
3v3 RM · 26d ago on Sep 6, 2026· 43m 8s· 6 players
Game mode
Random Map
Map size
Normal (6 player)
Population
200
Speed
Normal
Resources
Standard
Victory
Conquest
Starting age
Dark Age
Ending age
Imperial Age
RankedLock teamsTeams togetherTeam positionsShared explorationLock speedFull tech treeHidden civsTurbo modeCheats
Victory
Defeat
🇨🇭 Wei · Switzerland
1245
+15
🇨🇭 Franks · Switzerland
1176
+18
🇨🇭 Spanish · Switzerland
1147
+19
🇸🇪 Japanese · Sweden
1245
-18
🇸🇪 Magyars · Sweden
1212
-17
🇸🇪 Cumans · Sweden
1203
-17
juffie
11:44 Loom
14:17 Feudal Age
18:07 Castle Age
18:31 Stone Mining
22:25 Double-Bit Axe
23:21 Bow Saw
30:19 Town Watch
30:52 Fletching
36:19 Horse Collar
36:48 Padded Archer Armor
37:22 Bodkin Arrow
40:30 Wheelbarrow
rapidraphi
8:16 Loom
14:17 Feudal Age
18:06 Castle Age
17:20 Double-Bit Axe
19:54 Wheelbarrow
19:45 Bow Saw
25:41 Hand Cart
28:32 Town Watch
29:39 Husbandry
29:45 Scale Barding Armor
29:53 Forging
30:25 Town Patrol
35:03 Imperial Age
34:07 Chain Barding Armor
34:23 Iron Casting
35:14 Cavalier
37:34 Plate Barding Armor
37:23 Conscription
37:39 Hoardings
38:08 Blast Furnace
38:08 Paladin
40:40 Ballistics
41:20 Chemistry
40:31 Masonry
[NICE_ASS] BigMasi
12:14 Loom
13:17 Loom
15:04 Feudal Age
16:25 Horse Collar
16:35 Double-Bit Axe
16:57 Horse Collar
19:29 Castle Age
18:17 Gold Mining
18:19 Stone Mining
19:31 Wheelbarrow
26:15 Bow Saw
27:03 Heavy Plow
29:51 Scale Barding Armor
30:22 Forging
31:15 Bloodlines
31:05 Husbandry
33:13 Chain Barding Armor
34:14 Iron Casting
34:21 Hand Cart
36:41 Imperial Age
39:09 Blast Furnace
38:53 Conscription
38:07 Heavy Hei Guang Cavalry
40:25 Elite Tiger Cavalry
Kent-Agent
9:07 Loom
13:37 Feudal Age
14:35 Double-Bit Axe
15:02 Horse Collar
17:55 Fletching
23:54 Castle Age
22:34 Padded Archer Armor
23:10 Gold Mining
23:59 Wheelbarrow
24:03 Stone Mining
24:46 Bodkin Arrow
26:14 Bow Saw
29:05 Heavy Plow
32:21 Husbandry
32:32 Bloodlines
37:37 Imperial Age
35:26 Leather Archer Armor
36:24 Hand Cart
37:39 Ballistics
37:38 Heavy Cavalry Archer
39:05 Gold Shaft Mining
39:03 Ring Archer Armor
38:38 Bracer
39:50 Thumb Ring
40:13 Parthian Tactics
40:56 Ring Archer Armor
Kaos1000
6:48 Loom
14:33 Feudal Age
15:09 Double-Bit Axe
21:19 Town Watch
24:29 Castle Age
23:47 Stone Mining
23:51 Horse Collar
24:36 Bloodlines
25:15 Wheelbarrow
24:33 Gold Mining
26:52 Bow Saw
26:50 Heavy Plow
34:16 Scale Barding Armor
35:58 Chain Barding Armor
40:41 Imperial Age
38:14 Steppe Husbandry
40:37 Forging
42:36 Plate Barding Armor
42:40 Iron Casting
42:06 Elite Steppe Lancer
HELGE!!!!!!!!!!!
8:56 Loom
11:54 Feudal Age
12:24 Double-Bit Axe
22:42 Castle Age
21:41 Bloodlines
22:41 Scale Barding Armor
23:48 Chain Barding Armor
23:48 Bow Saw
40:40 Imperial Age
38:12 Horse Collar
38:44 Husbandry
39:40 Wheelbarrow
39:08 Gold Mining
39:57 Fletching
40:47 Cavalier
Connection lost

Rejoining the realm…

Still unreachable

The connection could not be restored.

Session expired

The server has moved on; the page needs a fresh start.